 Dungeon Crawl Stone Soup version 0.15.2 (webtiles) character file.

122 Khodoque the Poker (level 4, -1/39 HPs)
             Began as a Minotaur Fighter on Dec 14, 2014.
             Slain by Blork the orc
             ... wielding a +0 battleaxe
              (10 damage)
             ... on Level 4 of the Dungeon.
             The game lasted 00:06:12 (2542 turns).

Khodoque the Poker (Minotaur Fighter)               Turns: 2542, Time: 00:06:12

HP  -1/39        AC 11     Str 21      XL: 4   Next: 78%
MP   2/2         EV  3     Int  5      God:
Gold 116         SH  9     Dex 10      Spells:  0 memorised,  3 levels left

rFire  . . .     SeeInvis .     a - +0 trident
rCold  . . .     Clarity  .     i - +0 plate armour
rNeg   . . .     rCorr    .     c - +0 shield
rPois  .         rRot     .     (helmet restricted)
rElec  .         Spirit   .     (no cloak)
SustAb .         Warding  .     (no gloves)
rMut   .         Stasis   .     (no boots)
Gourm  .                        (no amulet)
MR     .....                    (no ring)
                                (no ring)

@: not resistant to hostile enchantments, extremely unstealthy
A: retaliatory headbutt, horns 2
a: no special abilities


You were on level 4 of the Dungeon.
You were very hungry.

You visited 1 branch of the dungeon, and saw 4 of its levels.

You collected 116 gold pieces.

Inventory:

Hand weapons
 a - a +0 trident (weapon)
Armour
 c - a +0 shield (worn)
 i - a +0 plate armour (worn)
Magical devices
 q - a wand of confusion (14) {unknown}
Comestibles
 d - a bread ration
 o - a meat ration
Scrolls
 g - a scroll of teleportation {unknown}
 j - 2 scrolls of remove curse {unknown}
 k - a scroll of noise {unknown}
 l - 2 scrolls of amnesia {unknown}
 n - 3 scrolls of enchant weapon {unknown}
 r - a scroll of recharging {unknown}
 s - a scroll of identify {unknown}
Jewellery
 t - a +2 ring of intelligence {unknown}
Potions
 b - a potion of haste {unknown}
 e - a potion of might
 f - a potion of brilliance {unknown}
 h - a potion of agility {unknown}
 m - a potion of curing
 p - a potion of poison {unknown}


   Skills:
 - Level 3.6 Fighting
 + Level 6.1 Polearms
 - Level 3.6 Armour
 - Level 3.6 Shields


You had 3 spell levels left.
You didn't know any spells.

Dungeon Overview and Level Annotations

Branches:
Dungeon (4/15)
 Temple: D:4-7

Altars:
The Shining One

Annotations:
D:4 Blork the orc


Innate Abilities, Weirdness & Mutations

You reflexively headbutt those who attack you in melee.
You have a pair of horns on your head.


Message History

Blork ze ork hits yu viz a batleax!
Yur schield und plat armur prevent yu from hiting Blork ze ork.
Yur headbut mises Blork ze ork.
Blork ze ork hits yu viz a batleax!
Yu klosely mis Blork ze ork.
Yu headbut Blork ze ork.
Blork ze ork ist lightly vunded.
Blork ze ork hits yu but does no damag.
Yur plat armur prevents yu from hiting Blork ze ork.
Yur headbut mises Blork ze ork.
Blork ze ork ist lightly vunded.
Blork ze ork skreams, "I'l eat yur brain!
Und zen I'l vomit it bak up!"
Blork ze ork gestures at yu vhil chanting.
Ze magik dart hits yu!
Blork ze ork kasts a spel at yu.
Ze puf of flam hits yu!
Yu blok ze rat's atak.
Drink vhich item? (? for menu, Esk to quit)
Yu fel beter.
It vas a potion of kuring.
Blork ze ork hits yu viz a batleax!
* * * LOV HITPOINT VARNING * * *
Yu blok ze rat's atak.
Blork ze ork hits yu viz a batleax!
Yu die.

# ... # .....
#..########+##.....
..........#r........
..........@o.........
##########.##.##.....
#...######'##.# .
+...+...'...#.#
.###+#...#..##...#.#
.........#'###...+..
.........'..##..##ro
.........##.##..##...
.#+####...#+##...+...


You could see Blork the orc and a rat.

Vanquished Creatures
  An orc priest (D:3)
  3 adders
  A giant mite (D:2)
  2 giant geckos
  7 orcs (D:3)
  3 giant cockroaches (D:3)
  9 goblins
  A hobgoblin (D:2)
  5 jackals
  A kobold (D:1)
  A quokka (D:3)
  9 bats
  A giant newt (D:1)
  9 rats
53 creatures vanquished.

Notes
Turn   | Place    | Note
--------------------------------------------------------------
     0 | D:1      | Khodoque, the Minotaur Fighter, began the quest for the Orb.
     0 | D:1      | Reached XP level 1. HP: 19/19 MP: 1/1
   155 | D:1      | Reached XP level 2. HP: 24/26 MP: 1/1
  1100 | D:2      | Reached skill level 4 in Polearms
  1124 | D:2      | Reached XP level 3. HP: 28/31 MP: 2/2
  1631 | D:3      | Found a glowing golden altar of the Shining One.
  1642 | D:3      | Reached skill level 5 in Polearms
  1695 | D:3      | Reached XP level 4. HP: 30/39 MP: 2/2
  2078 | D:3      | Reached skill level 6 in Polearms
  2529 | D:4      | Noticed Blork the orc
  2542 | D:4      | Slain by Blork the orc

Action                   |  1- 3 |  4- 6 || total
-------------------------+-------+-------++-------
Melee: Trident           |    97 |    58 ||   155
  Use: Potion            |       |     1 ||     1
  Eat: Chunk             |     2 |     2 ||     4
